 Dungeon Crawl Stone Soup version 0.29.1-1-gd02db6906a (webtiles) character file.

Game seed: 15545357675875594737

95 Ashen the Chiller (level 4, 32/32 HPs)
             Began as a Demonspawn Ice Elementalist on Oct 20, 2022.
             Got out of the dungeon alive.
             The game lasted 00:03:57 (2839 turns).

Ashen the Chiller (Demonspawn Ice Elementalist)     Turns: 2839, Time: 00:03:58

Health: 32/32      AC:  3    Str:  8    XL:     4   Next: 40%
Magic:  7/7        EV: 12    Int: 18    God:
Gold:   87         SH:  4    Dex: 14    Spells: 1/8 levels left

rFire   . . .      SeeInvis .   d - +0 dagger
rCold   . . .      Faith    .   (no shield)
rNeg    . . .      Spirit   .   a - +0 robe
rPois   .          Reflect  .   (helmet restricted)
rElec   .          Harm     .   (no cloak)
rCorr   .          Rampage  .   (no gloves)
Will    .....                   i - +0 pair of boots
Stlth   ++........              (no amulet)
HPRegen 0.10/turn               (no ring)
MPRegen 0.10/turn               (no ring)

@: no status effects
A: horns 1, condensation shield
a: no special abilities


You escaped.
You visited 1 branch of the dungeon, and saw 3 of its levels.

You collected 87 gold pieces.

Inventory:

Hand Weapons
 d - a +0 dagger (weapon)
Armour
 a - a +0 robe (worn)
 i - a +0 pair of boots (worn)
Jewellery
 q - a +6 ring of intelligence
Scrolls
 e - 4 scrolls of identify {unknown}
 f - 3 scrolls of teleportation {unknown}
 h - a scroll of vulnerability {unknown}
 l - a scroll of summoning {unknown}
 m - a scroll of silence {unknown}
 n - a scroll of poison {unknown}
 p - a scroll of fog {unknown}
 s - 2 scrolls of enchant armour {unknown}
 u - a scroll of enchant weapon {unknown}
Potions
 b - a potion of magic
 c - 2 potions of haste {unknown}
 g - 5 potions of brilliance {unknown}
 j - a potion of invisibility {unknown}
 k - a potion of might {unknown}
 o - a potion of degeneration {unknown}
 r - a potion of cancellation {unknown}
 t - a potion of curing {unknown}


   Skills:
 + Level 1.3 Fighting
 + Level 2.4 Dodging
 + Level 2.5 Stealth
 + Level 2.6 Spellcasting
 + Level 4.0 Ice Magic


You had one spell level left.
You knew the following spells:

 Your Spells              Type           Power      Damage    Failure   Level
a - Freeze                Ice            68%        1d8       3%          1
b - Frozen Ramparts       Ice            34%        1d6       10%         3
c - Ozocubu's Armour      Ice            17%        N/A       10%         3

Your spell library contained the following spells:

 Spells                   Type           Power      Damage    Failure   Level
 Confusing Touch          Hex            2%         N/A       45%         3
 Hailstorm                Conj/Ice       9%         3d4       58%         4
 Yara's Violent Unravell  Hex/Tmut       1%         3d3       99%         5
 Enfeeble                 Hex            1%         N/A       100%        7


Dungeon Overview and Level Annotations

Branches:
Dungeon (3/15)

Altars:

Shops:
D:3 (

Annotations:
D:3 3 runed translucent doors, t4s4d4r's ghost, amateur OpTm


Innate Abilities, Weirdness & Mutations

You have a pair of small horns on your head.
A meltable shield of frost defends you. (SH +4)


Message History

You hit the bat but do no damage. Your headbutt misses the bat.
The bat hits you but does no damage.
Casting: Freeze (safe; 3% risk of failure)
Confirm with . or Enter, or press ? or * to list all spells.
You don't know that spell.
The bat misses you. The bat hits you but does no damage.
You closely miss the bat. You block the bat's attack. x2
Casting: Freeze (safe; 3% risk of failure)
Confirm with . or Enter, or press ? or * to list all spells.
Aiming: Freeze (safe; 3% risk of failure)
Press: ? - help, Shift-Dir - straight line, f - bat
Aim: a bat You freeze the bat.
The bat is severely wounded.
The bat barely misses you. The bat closely misses you.
You block the bat's attack. The bat hits you but does no damage.
Casting: Freeze (safe; 3% risk of failure)
Confirm with . or Enter, or press ? or * to list all spells.
Aiming: Freeze (safe; 3% risk of failure)
Press: ? - help, Shift-Dir - straight line, f/p - bat
Aim: a bat You freeze the bat.
You kill the bat!
You see here a ball python corpse.
There is an open door here.
You open the door.
There is an open door here.
There is an entrance to Vonaod's Antique Weapon Boutique here.
There is a stone staircase leading up here.
You climb upwards.
There is a stone staircase leading down here.
There is an escape hatch in the ceiling here.
A mysterious force pulls you upwards. The hatch slams shut behind you.
You see here a +0 club.
There is a fountain of clear blue water here.
There is a staircase leading out of the dungeon here.
Are you sure you want to leave the Dungeon?
This will make you lose the game!
You have escaped!

.####...............# #...
.......#..#########.##########...
.~...♣~......................'...
.~~~≈.~.......###########.####...
.≈.≈~≈..................#.# ####
≈.≈~~....(.##♣♣♣.♣♣♣##..#.# #
.....~~♣...# ♣⌠♣ #..#.#######
~.≈...~....♣♣♣♣♣.♣♣♣♣♣..#......((
.~~.~~.≈......⌠.@.⌠.....#..#####.
~....###...♣♣♣♣♣.♣♣♣♣♣..#..#####.
~..~~≈~~...# ♣⌠♣ #..#..#.....
~.~.~.≈....##♣♣♣.♣♣♣##.....#.###.
##.######....................#.##
........##......###..........#.##
#######.##.##.#####.######.......
## #.##.#....#...# #.....#.. .#
#.##.#..#.#.### #..#.....


There were no monsters in sight!

Vanquished Creatures
  4 adders
  A worm (D:2)
  3 dart slugs
  9 ball pythons
  4 endoplasms
  2 giant cockroaches (D:2)
  8 goblins
  3 hobgoblins
  5 quokkas
  4 bats
  4 frilled lizards
  A kobold (D:1)
  3 rats
51 creatures vanquished.

Notes
Turn   | Place    | Note
-------+----------+-------------------------------------------
     0 | D:1      | Ashen the Demonspawn Ice Elementalist began the quest for
                  | the Orb.
     0 | D:1      | Reached XP level 1. HP: 13/13 MP: 3/3
   294 | D:1      | Gained mutation: You have a pair of small horns on your
                  | head. [demonic ancestry]
   294 | D:1      | Reached XP level 2. HP: 15/19 MP: 0/5
   438 | D:1      | Found a faded altar of an unknown god.
  1676 | D:2      | Reached XP level 3. HP: 23/25 MP: 0/6
  1688 | D:2      | Learned a level 3 spell: Frozen Ramparts
  1883 | D:2      | Reached skill level 1 in Fighting
  2043 | D:2      | Reached skill level 4 in Ice Magic
  2168 | D:2      | Learned a level 3 spell: Ozocubu's Armour
  2169 | D:3      | Found Vonaod's Antique Weapon Boutique.
  2319 | D:3      | Gained mutation: A meltable shield of frost defends you.
                  | (SH +4) [demonic ancestry]
  2319 | D:3      | Reached XP level 4. HP: 32/32 MP: 5/7
  2704 | D:3      | Noticed t4s4d4r's ghost (amateur OpTm)
  2733 | D:3      | Found a runed translucent gate.
  2733 | D:3      | Found a runed translucent gate.
  2733 | D:3      | Found a runed translucent gate.
  2839 | D:$      | Got out of the dungeon alive.

Illustrated notes

Levels and vault maps discovered:
D:1:      scummos_arrival_forest, layout_basic, serial_rivers,
          chequers_serial_rivers_small_a, chequers_serial_rivers_marsh,
          chequers_serial_rivers_micro_c, chequers_serial_rivers_large_a,
          hellmonk_ecumenical_altar_zigzags, minmay_misc_feat_square
D:2:      layout_basic, hangedman_abyss_or_decor_lesser_grid
D:3:      minmay_chambers_of_twos, layout_basic, serial_shops,
          nicolae_shop_hallway_stairs, gammafunk_ghost_icy,
          kennysheep_generic_room_4

Skill      XL: |  1  2  3 |
---------------+----------+-----
Stealth        | 2 |  2.5
Dodging        | 2 |  2.4
Fighting       | 1 |  1.3
Ice Magic      | 4 |  4.0
Spellcasting   | |  2.6

Action                   |  1- 3 |  4- 6 || total
-------------------------+-------+-------++-------
Melee: Dagger            |    31 |    15 ||    46
       Unarmed           |     1 |       ||     1
       Headbutt          |     4 |     6 ||    10
 Cast: Freeze            |    48 |    17 ||    65
 Stab: Sleeping          |     3 |     1 ||     4
Armor: Robe              |    14 |    13 ||    27
Dodge: Dodged            |    41 |    18 ||    59
Block: Other             |       |     7 ||     7
